 Dungeon Crawl Stone Soup version 0.29.1-1-gd02db6906a (webtiles) character file.

Game seed: 10810255908860329930

11 RascalDebosk the Chiller (level 2, 0/19 HPs)
             Began as a Human Ice Elementalist on Sept 25, 2022.
             Slain by a jackal (1 damage)
             ... on level 1 of the Dungeon.
             The game lasted 00:04:55 (301 turns).

RascalDebosk the Chiller (Human Ice Elementalist)    Turns: 301, Time: 00:04:55

Health: 0/19       AC:  2    Str:  8    XL:     2   Next: 35%
Magic:  0/5        EV: 12    Int: 15    God:
Gold:   8          SH:  0    Dex: 13    Spells: 4/5 levels left

rFire   . . .      SeeInvis .   s - +0 dagger
rCold   . . .      Faith    .   (no shield)
rNeg    . . .      Spirit   .   a - +0 robe
rPois   .          Reflect  .   (no helmet)
rElec   .          Harm     .   (no cloak)
rCorr   .          Rampage  .   (no gloves)
Will    .....                   (no boots)
Stlth   ++........              (no amulet)
HPRegen 0.06/turn               (no ring)
MPRegen 0.09/turn               (no ring)

@: no status effects
A: no striking features
a: no special abilities


You were on level 1 of the Dungeon.
You visited 1 branch of the dungeon, and saw 1 of its levels.

You collected 8 gold pieces.

Inventory:

Hand Weapons
 s - a +0 dagger (weapon)
Armour
 a - a +0 robe (worn)
Scrolls
 c - a scroll of amnesia {unknown}
 d - a scroll of torment {unknown}
Potions
 b - a potion of magic


   Skills:
 + Level 2.1 Dodging
 + Level 2.1 Stealth
 + Level 2.1 Spellcasting
 + Level 0.4 Conjurations
 + Level 4.0 Ice Magic
 + Level 0.6 Invocations


You had 4 spell levels left.
You knew the following spells:

 Your Spells              Type           Power      Damage    Failure   Level
a - Freeze                Ice            52%        1d7       4%          1

Your spell library contained the following spells:

 Spells                   Type           Power      Damage    Failure   Level
 Frozen Ramparts          Ice            26%        1d4       12%         3
 Ozocubu's Armour         Ice            13%        N/A       12%         3
 Hailstorm                Conj/Ice       8%         3d4       65%         4
 Freezing Cloud           Conj/Ice/Air   3%         6-21      97%         5
 Simulacrum               Ice/Necr       3%         N/A       100%        6
 Polar Vortex             Ice            6%         N/A       100%        9


Dungeon Overview and Level Annotations

Branches:
Dungeon (1/15)

Altars:


Message History

Aiming: Freeze (safe; 4% risk of failure)
Press: ? - help, Q - select action Shift-Dir - straight line, f - jackal
Aim: a jackal You freeze the jackal.
The jackal is lightly wounded.
* * * LOW MAGIC WARNING * * *
The jackal bites you. x2
Your magical contamination has completely faded away.
The jackal bites you but does no damage.
The jackal attacks as you move away! The jackal closely misses you.
Aiming: Freeze (safe; 4% risk of failure)
Press: ? - help, Q - select action Shift-Dir - straight line, f/p - jackal
Aim: a jackal You freeze the jackal.
The jackal is severely wounded.
* * * LOW MAGIC WARNING * * *
The jackal barely misses you. x3
You hit the jackal but do no damage.
The jackal is severely wounded.
The jackal closely misses you. The jackal barely misses you.
You miss the jackal.
The jackal is severely wounded.
The jackal closely misses you. The jackal bites you. x2
The jackal bites you but does no damage.
You hit the jackal.
You kill the jackal!
The jackal barely misses you.
You hit the jackal.
The jackal is moderately wounded.
The jackal bites you.
* * * LOW HITPOINT WARNING * * *
You miss the jackal.
The jackal is moderately wounded.
The jackal bites you but does no damage.
The jackal bites you.
* * * LOW HITPOINT WARNING * * *
You hit the jackal.
The jackal is heavily wounded.
The jackal closely misses you. The jackal attacks as you move away!
The jackal bites you.
* * * LOW HITPOINT WARNING * * *
The jackal bites you.
* * * LOW HITPOINT WARNING * * *
The jackal completely misses you. The jackal attacks as you move away!
The jackal barely misses you.
You see here a +0 club.
The jackal attacks as you move away!
The jackal bites you but does no damage.
The jackal misses you. The jackal completely misses you.
There is a stone staircase leading down here.
The jackal attacks as you move away! The jackal closely misses you.
The jackal barely misses you.
Aiming: Freeze (safe; 4% risk of failure)
Press: ? - help, Q - select action Shift-Dir - straight line, f - jackal
Aim: a jackal You freeze the jackal.
The jackal is almost dead.
* * * LOW MAGIC WARNING * * *
The jackal bites you but does no damage. x2
You closely miss the jackal.
The jackal is severely wounded.
The jackal barely misses you.
You hit the jackal.
The jackal is almost dead.
The jackal completely misses you. The jackal barely misses you.
You barely miss the jackal.
The jackal is almost dead.
The jackal misses you.
You hit the jackal but do no damage.
The jackal is almost dead.
The jackal barely misses you.
You hit the jackal but do no damage.
The jackal is almost dead.
The jackal bites you.
* * * LOW HITPOINT WARNING * * *
The jackal misses you.
You closely miss the jackal.
The jackal is almost dead.
The jackal misses you.
You closely miss the jackal.
The jackal is almost dead.
The jackal closely misses you. The jackal bites you.
* * * LOW HITPOINT WARNING * * *
Aiming: Freeze (safe; 4% risk of failure)
Press: ? - help, Q - select action Shift-Dir - straight line, f/p - jackal
Aim: a jackal (almost dead)
You freeze the jackal.
You kill the jackal!
* * * LOW MAGIC WARNING * * *
You hit the jackal but do no damage.
The jackal is moderately wounded.
The jackal barely misses you.
You barely miss the jackal.
The jackal is moderately wounded.
The jackal bites you but does no damage.
The jackal barely misses you.
You hit the jackal.
The jackal is severely wounded.
The jackal bites you.
You die...

# #####.# #.#.#.#.#(.
#.......#.# #...<...#.#
###### #.......#.#
.....# #.#.#.#.#.#
.....# #.#.#####.#.#
.....#
#.8.8###8.8.#####.....#
.....#......##.h@.....#
...............##.....#
....##......>### ######
....##......###
..........)...#
..............#
..............#
#.##..........#
#†#########.###


You could see a jackal.

Vanquished Creatures
  2 endoplasms (D:1)
  A goblin (D:1)
  A hobgoblin (D:1)
  2 jackals (D:1)
  A kobold (D:1)
  2 rats (D:1)
9 creatures vanquished.

Notes
Turn   | Place    | Note
-------+----------+-------------------------------------------
     0 | D:1      | RascalDebosk the Human Ice Elementalist began the quest for
                  | the Orb.
     0 | D:1      | Reached XP level 1. HP: 13/13 MP: 3/3
    61 | D:1      | Reached XP level 2. HP: 9/19 MP: 0/5
   228 | D:1      | Found a faded altar of an unknown god.
   301 | D:1      | Slain by a jackal

Illustrated notes

Levels and vault maps discovered:
D:1:      psy_arrival_basics, layout_rooms, hellmonk_ecumenical_altar_crossroads

Action                   || total
-------------------------++-------
Melee: Unarmed           ||     6
       Dagger            ||    16
 Cast: Freeze            ||    13
Armor: Robe              ||     8
Dodge: Dodged            ||    29
